AoeStats
← Zhangchenguang1922

Arabia

507927845Analyzed
1v1 RM · 11d ago on Sep 20, 2026· 30m 34s· 2 players
Game mode
Random Map
Map size
Tiny (2 player)
Population
200
Speed
Normal
Resources
Standard
Victory
Conquest
Starting age
Dark Age
Ending age
Imperial Age
RankedLock teamsTeams togetherTeam positionsShared explorationLock speedFull tech treeHidden civsTurbo modeCheats
Victory
Defeat
836
+14
🇰🇿 Vietnamese · Kazakhstan
802
-14
metaL1c-_-
9:55 Feudal Age
10:26 Double-Bit Axe
10:22 Horse Collar
17:07 Man-at-Arms
20:38 Bloodlines
23:13 Castle Age
24:26 Bow Saw
24:17 Heavy Plow
24:09 Gold Mining
23:53 Light Cavalry
24:40 Scale Barding Armor
24:26 Fletching
25:04 Squires
26:08 Wheelbarrow
26:53 Pikeman
Zhangchenguang1922
4:50 Loom
10:12 Feudal Age
11:51 Double-Bit Axe
16:45 Fletching
18:12 Horse Collar
22:39 Castle Age
21:18 Scale Barding Armor
22:26 Forging
24:51 Bow Saw
24:36 Gold Mining
25:02 Husbandry
25:27 Bloodlines
26:24 Chain Barding Armor
Connection lost

Rejoining the realm…

Still unreachable

The connection could not be restored.

Session expired

The server has moved on; the page needs a fresh start.